 Dungeon Crawl Stone Soup version 0.31.0-9-g3a7656b989 (webtiles) character file.

Game seed: 1245856383333243625

93 boopmooplesden the Covered (level 4, -3/38 HPs)
             Began as an Armataur Fighter on Jan 24, 2024.
             Killed by nerve-wracking pain
             ... invoked by Grinder
              (12 damage)
             ... while paralysed by Grinder
             ... on level 3 of the Dungeon.
             The game lasted 00:02:18 (1466 turns).

boopmooplesden the Covered (Armataur Fighter)       Turns: 1466, Time: 00:02:19

Health: -3/38      AC:  7    Str: 21    XL:     4   Next: 36%
Magic:  4/4        EV:  1    Int:  8    God:
Gold:   150        SH:  0    Dex: 18    Spells: 3/3 levels left

rFire   . . .        a - +0 long sword
rCold   . . .        c - +0 buckler
rNeg    . . .        b - +0 scale mail
rPois   .            (no helmet)
rElec   .            (no cloak)
rCorr   .            (no gloves)
SInv    +            (no barding)
Will    .....        h - amulet of reflection Stlth
                     e - +6 ring of dexterity
HPRegen 0.26/turn    f - ring of see invisible
MPRegen 0.42/turn

%: reflection, roll
@: paralysed, mighty
A: large, deformed body, tough skin 3, armoured tail, roll 1
a: no special abilities


You were on level 3 of the Dungeon.
You visited 1 branch of the dungeon, and saw 3 of its levels.

You collected 150 gold pieces.

Inventory:

Hand Weapons
 a - a +0 long sword (weapon)
Missiles
 i - 6 poisoned darts (quivered)
 j - 2 javelins
Armour
 b - a +0 scale mail (worn)
 c - a +0 buckler (worn)
Jewellery
 e - a +6 ring of dexterity (left hand)
 f - a ring of see invisible (right hand)
 h - an amulet of reflection (around neck)
Scrolls
 k - a scroll of enchant weapon {unknown}
Potions
 d - a potion of might
 g - a potion of lignification {unknown}
 l - a potion of curing


   Skills:
 + Level 3.1 Fighting
 + Level 3.2 Long Blades
 + Level 4.1 Armour
 + Level 0.3 Dodging
 + Level 0.3 Stealth
 + Level 3.6 Shields


You had 3 spell levels left.
You didn't know any spells.
Your spell library contained the following spells:

 Spells                   Type           Power      Damage    Failure   Level
 Scorch                   Fire           0%         2d5       91%         2
 Gell's Gravitas          Tloc           0%         N/A       99%         3
 Teleport Other           Tloc           0%         N/A       99%         3
 Flame Wave               Conj/Fire      0%         2d4       100%        4
 Dispersal                Tloc           0%         N/A       100%        6
 Summon Cactus Giant      Summ           0%         N/A       100%        6
 Malign Gateway           Summ/Tloc      0%         N/A       100%        7
 Summon Horrible Things   Summ           0%         N/A       100%        8


Dungeon Overview and Level Annotations

Branches:
Dungeon (3/15)

Altars:

Annotations:
D:3 Grinder


Innate Abilities, Weirdness & Mutations

Armour fits poorly on your strangely shaped body.
You have extremely tough skin. (AC +3)
You have a long armoured tail.
You regenerate magic when rolling toward enemies. (Rampage MPRegen)


Message History

Grinder shouts!
You slash the ball python!
You kill the ball python!
You roll towards the ball python!
You hit the ball python.
You kill the ball python!
Grinder gestures at you.
You suddenly lose the ability to move!
Grinder gestures at you. You resist with significant effort.
You can move again.
You feel very mighty all of a sudden.
You closely miss Grinder.
Grinder blinks! x2
You barely miss Grinder.
Your tail-slap misses Grinder.
You block Grinder's attack.
You slash Grinder!
Grinder is moderately wounded.
Grinder closely misses you.
You hit Grinder.
Your tail-slap misses Grinder.
Grinder is heavily wounded.
Grinder hits you but does no damage.
Grinder blinks!
Grinder gestures at you. Pain shoots through your body!
Grinder gestures at you. Pain shoots through your body!
Found a Young Poisoner's Handbook.
Grinder gestures at you. Pain shoots through your body!
You hit Grinder.
Grinder is heavily wounded.
Grinder closely misses you.
You closely miss Grinder.
Grinder is heavily wounded.
Grinder gestures at you.
You suddenly lose the ability to move!
Grinder hits you.
You writhe in agony.
* * * LOW HITPOINT WARNING * * *
Grinder gestures at you. Pain shoots through your body!
You die...
Grinder says, "Hey, I wasn't done torturing you yet!"

..# ..# ### # ### ###.
..###...### ###########
).......).####........:#
..##.####....#[........#
............†..........#
........######..@......#
..#.###.# #.5.......#
......#.# #.........#
...##...### ###########
...###....# ##.###.....#
....#####....# ....#
##.... ....# ##.#


You could see Grinder.

Vanquished Creatures
  2 adders (D:2)
  6 dart slugs
  A ribbon worm (D:3)
  7 orcs (D:3)
  4 bats
  6 endoplasms
  A giant cockroach (D:1)
  3 goblins
  2 hobgoblins (D:1)
  3 quokkas (D:1)
  5 ball pythons
  4 frilled lizards
  6 kobolds
  4 rats
54 creatures vanquished.

Notes
Turn   | Place    | Note
-------+----------+-------------------------------------------
     0 | D:1      | boopmooplesden the Armataur Fighter began the quest for the
                  | Orb.
     0 | D:1      | Reached XP level 1. HP: 18/18 MP: 1/1
   104 | D:1      | Reached XP level 2. HP: 20/25 MP: 2/2
   158 | D:1      | Reached skill level 4 in Armour
   751 | D:2      | Reached XP level 3. HP: 31/31 MP: 3/3
  1117 | D:2      | Reached XP level 4. HP: 38/38 MP: 4/4
  1448 | D:3      | Noticed Grinder
  1450 | D:3      | Paralysed by Grinder for 4 turns
  1464 | D:3      | Paralysed by Grinder for 3 turns
  1466 | D:3      | Killed from afar by Grinder

Illustrated notes

Levels and vault maps discovered:
D:1:      roderic_crop_circles_arrival_large, layout_loops_ring
D:2:      layout_rooms
D:3:      layout_rooms, uniq_grinder

Skill      XL: |  1  2  3 |
---------------+----------+-----
Armour         | 4 |  4.1
Long Blades    | 2 3 |  3.2
Fighting       | 3 |  3.1
Dodging        | |  0.3
Stealth        | |  0.3
Shields        | |  3.6

Action                     |  1- 3 |  4- 6 || total
---------------------------+-------+-------++-------
  Melee: Long sword        |   125 |    48 ||   173
         Tailslap          |    15 |     4 ||    19
    Use: Scroll            |       |     4 ||     4
         Potion            |       |     1 ||     1
 Armour: Scale mail        |    88 |    34 ||   122
  Dodge: Dodged            |    51 |    16 ||    67
  Block: Buckler           |    33 |    17 ||    50
